cohdb
Replays
Latest Replays
All Replays
Popular Replays
Top Player Replays
Match Explorer
How It Works
Community
CoH3 Stats
Reddit
Sign in to upload your games and track your stats! →
Sign in with Steam
Match 40057988
Unlisted
Match 40057988
Overview
Messages
Build Orders
End
Selects Italian Combined Arms Battlegroup
Selects Bersaglieri Squad
Bersaglieri Squad
Kradschützen Motorcycle Team
Bersaglieri Squad
Panzerpioneer Squad
Construct Light Support Kompanie
Bersaglieri Squad
2.5-tonne Medical Truck
Fire Support Elements
Pak 38 Mechanized Group
Combat Half-tracks
Pak 38 Anti-tank Gun Team
Selects Vehicle Support - Secure Location
Selects Vehicle Support - Force Recon
le.IG 18 Mechanized Group
Selects Semovente da 75/18 Assault Gun
Selects Strafing Run
Construct Panzerarmee Kommand
Strafing Run
Selects Artillery Cover
le.IG 18 Mechanized Group
Armored Reserves
Strafing Run
Panzer IV Assault Group
Artillery Cover
2.5-tonne Medical Truck
UH|dun! ツ
UH|ck
Heileif
b0nna
0
0
Comments
sign in to comment!
No comments posted yet!